 Dungeon Crawl Stone Soup version 0.28-a0-1389-gc726bef33b (webtiles) character file.

Game seed: 4188189464322176662

2373 croobank the Jinx (level 9, -2/41 HPs)
             Began as a Felid Monk on Jan 3, 2022.
             Was a Priest of Qazlal.
             Killed from afar by a steam dragon (19 damage)
             ... with a ball of steam
             ... on level 9 of the Dungeon on Jan 4, 2022.
             The game lasted 00:56:13 (12306 turns).

croobank the Jinx (Felid Monk)                     Turns: 12306, Time: 00:56:14

Health: -2/41      AC:  4    Str: 15    XL:     9   Next: 21%
Magic:  15/15      EV: 27    Int: 14    God:    Qazlal [***...]
Gold:   407        SH:  4    Dex: 21    Spells: 6/15 levels left
                                        Lives:  0   Deaths: 3

rFire   . . .      SeeInvis +     - Unarmed
rCold   . . .      Faith    .   (shield unavailable)
rNeg    . . .      Spirit   .   (armour unavailable)
rPois   .          Reflect  .   (helmet unavailable)
rElec   .          Harm     .   (cloak unavailable)
rCorr   .          Rampage  .   (gloves unavailable)
Will    +....                   (boots unavailable)
Stlth   +++.......              (no amulet)
HPRegen 0.13/turn               a - +4 ring of evasion
MPRegen 0.14/turn               f - +6 ring of strength

@: quick
A: very small, claws 1, fangs 3, see invisible, speed 1, shaggy fur 2, stealthy
paws, no weapons or thrown items, no armour, multi-lived, antennae 1, iridescent
scales 1, agile 1
a: Renounce Religion, Upheaval, Elemental Force


You were on level 9 of the Dungeon.
You worshipped Qazlal.
Qazlal was most pleased with you.
You visited 2 branches of the dungeon, and saw 10 of its levels.

You collected 407 gold pieces.

Inventory:

Jewellery
 a - a +4 ring of evasion (left paw)
 f - a +6 ring of strength (right paw)
 j - a ring of flight
Wands
 d - a wand of iceblast (5)
 i - a wand of acid (4)
 l - a wand of flame (4)
 p - a wand of paralysis (2)
Scrolls
 c - 3 scrolls of magic mapping
 q - 2 scrolls of identify
 r - a scroll of teleportation
Potions
 b - a potion of curing
 e - a potion of lignification
 g - a potion of cancellation {unknown}
 h - a potion of flight
 k - a potion of resistance {unknown}
 m - a potion of berserk rage {unknown}
 n - 2 potions of mutation
 o - a potion of brilliance {unknown}


   Skills:
 - Level 5.7 Fighting
 - Level 7.6 Dodging
 - Level 7.7 Stealth
 - Level 5.8 Unarmed Combat
 - Level 3.9 Spellcasting
 + Level 6.7 Conjurations
 + Level 10.5 Hexes
 - Level 3.9 Air Magic


You had 6 spell levels left.
You knew the following spells:

 Your Spells              Type           Power      Damage    Failure   Level
a - Passwall              Tmut/Erth      1%         N/A       30%         2
b - Slow                  Hex            100%       N/A       1%          1
c - Swiftness             Air            13%        N/A       12%         3
d - Confusing Touch       Hex            32%        N/A       1%          3

Your spell library contained the following spells:

 Spells                   Type           Power      Damage    Failure   Level
 Magic Dart               Conj           84%        1d7       1%          1
 Searing Ray              Conj           42%        2d6       1%          2
 Fulminant Prism          Conj/Hex       13%        3d9       5%          4
 Vampiric Draining        Necr           2%         2d6       52%         3
 Alistair's Intoxication  Tmut/Pois      1%         N/A       99%         5
 Borgnjor's Vile Clutch   Necr/Erth      1%         N/A       99%         5
 Eringya's Noxious Bog    Tmut/Pois      1%         N/A       100%        6


Dungeon Overview and Level Annotations

Branches:
Dungeon (9/15)             Temple (1/1) D:4            Lair (0/6) D:8
    Orc: D:9-12

Altars:
Ashenzari
Cheibriados
Dithmenos
Elyvilon
Fedhas
Gozag
Hepliaklqana
Kikubaaqudgha
Makhleb
Nemelex Xobeh
Okawaru
Qazlal
Ru
Sif Muna
Trog
Uskayaw
Vehumet
Wu Jian
Xom
Yredelemnul
Zin
The Shining One

Shops:
D:6 =


Innate Abilities, Weirdness & Mutations

You have sharp claws.
You have razor-sharp teeth.
You have supernaturally acute eyesight. (SInv)
You cover ground quickly. (Speed+)
You are covered in thick fur. (AC +2)
Your paws help you pounce on unaware monsters.
You are incapable of wielding weapons or throwing items.
You cannot wear armour.
You gain extra lives every three experience levels.
You have a pair of small antennae on your head.
You are partially covered in iridescent scales. (AC +2)
You are agile. (Dex +2)


Message History

The steam dragon breathes steam at you. The ball of steam hits you!!
Ouch! That really hurt!
You barely miss the steam dragon.
The steam dragon is lightly wounded.
The steam dragon misses you. x2
Unknown command.
You closely miss the steam dragon.
The steam dragon is lightly wounded.
The steam dragon bites you. The steam dragon barely misses you.
You barely miss the steam dragon. You claw the steam dragon.
You bite the steam dragon, but do no damage.
The steam dragon is lightly wounded.
The steam dragon closely misses you. You block the steam dragon's attack.
You scratch the steam dragon but do no damage.
You bite the steam dragon.
The steam dragon is moderately wounded.
You block the steam dragon's attack. The steam dragon misses you.
You scratch the steam dragon.
The steam dragon is moderately wounded.
The steam dragon breathes steam at you. The ball of steam misses you.
You scratch the steam dragon but do no damage.
You bite the steam dragon, but do no damage.
The steam dragon is moderately wounded.
The steam dragon barely misses you. You block the steam dragon's attack.
You closely miss the steam dragon.
You claw the steam dragon, but do no damage.
The steam dragon is moderately wounded.
You scratch the steam dragon but do no damage.
The steam dragon is moderately wounded.
The steam dragon misses you. You block the steam dragon's attack.
You closely miss the steam dragon.
The steam dragon is moderately wounded.
The steam dragon barely misses you. The steam dragon misses you.
You claw the steam dragon!
The steam dragon is heavily wounded.
The steam dragon breathes steam at you. The ball of steam hits you!!
You die...

#.........# ..#
##....).... ###
#.........#
##..###....D....#
#.....#.........##
.................###
..........#........##
...........##D.......
...........°@##......
............§.# #....
..............# #..
..............# .
#.............#
#............##
###......###.#
######## ###


You could see a steam dragon (catching breath).

Vanquished Creatures
  A two-headed ogre (D:7)
  A hornet (D:9)
  2 dream sheep (D:7)
  Sigmund (D:4)
  2 shadows (D:7)
  A wraith (D:9)
  3 steam dragons
  5 water moccasins
  An orc warrior (D:9)
  2 sky beasts (D:7)
  A necrophage (D:6)
  4 black bears
  2 ice beasts
  2 ogres (D:5)
  2 centaurs (D:9)
  2 phantoms
  2 kobold brigands
  2 bullfrogs
  A wyvern zombie (D:6)
  A gnoll sergeant (D:9)
  A scorpion (D:7)
  2 wyvern skeletons (D:7)
  2 water moccasin skeletons (D:4)
  8 wights
  2 howler monkeys
  3 centaur zombies
  2 jellies (D:6)
  3 orc priests
  A gnoll shaman (D:6)
  2 iguanas
  A centaur skeleton (D:7)
  Terence (D:2)
  8 orc wizards
  3 killer bee zombies
  8 gnolls
  10 adders
  A shadow imp (D:7)
  3 ufetubi
  2 worms
  2 dart slugs (D:1)
  27 orcs
  4 bats
  3 endoplasms
  5 giant cockroaches
  8 goblins
  4 hobgoblins
  4 jackals (D:1)
  12 kobolds
  4 quokkas
  9 ball pythons
  3 frilled lizards
  6 rats
192 creatures vanquished.

Notes
Turn   | Place    | Note
-------+----------+-------------------------------------------
     0 | D:1      | croobank the Felid Monk began the quest for the Orb.
     0 | D:1      | Reached XP level 1. HP: 10/10 MP: 2/2
   337 | D:1      | Reached XP level 2. HP: 14/14 MP: 3/3
  1539 | D:1      | Reached XP level 3. HP: 14/17 MP: 4/4
  2013 | D:2      | Learned a level 2 spell: Passwall
  2103 | D:2      | Found a faded altar of an unknown god.
  2125 | D:2      | Gained mutation: You are partially covered in iridescent
                  | scales. (AC +2) [potion of mutation]
  2125 | D:2      | Gained mutation: You have a pair of small antennae on your
                  | head. [potion of mutation]
  2125 | D:2      | Gained mutation: You are agile. (Dex +2) [potion of
                  | mutation]
  2491 | D:2      | Reached XP level 4. HP: 21/21 MP: 5/5
  2581 | D:2      | Noticed Terence
  3066 | D:2      | Killed Terence
  3149 | D:3      | Reached skill level 5 in Dodging
  3275 | D:3      | Reached XP level 5. HP: 25/25 MP: 7/7
  3470 | D:3      | Learned a level 1 spell: Slow
  3602 | D:4      | Noticed a phantom
  3606 | D:4      | Noticed Sigmund
  3761 | D:4      | Found a staircase to the Ecumenical Temple.
  3806 | Temple   | Entered the Ecumenical Temple
  3908 | Temple   | Became a worshipper of Qazlal Stormbringer
  3908 | Temple   | Reached * piety under Qazlal
  3908 | Temple   | Reached ** piety under Qazlal
  3994 | D:4      | Reached skill level 1 in Spellcasting
  3994 | D:4      | Reached skill level 1 in Air Magic
  4024 | D:4      | Gained mutation: You are covered in thick fur. (AC +2)
                  | [Felid growth]
  4024 | D:4      | Reached XP level 6. HP: 20/28 MP: 7/9
  4241 | D:4      | Killed Sigmund
  4242 | D:4      | Reached skill level 5 in Stealth
  4529 | D:4      | Reached XP level 7. HP: 33/33 MP: 11/11
  5000 | D:5      | Entered Level 5 of the Dungeon
  6237 | D:5      | Learned a level 3 spell: Swiftness
  6241 | D:5      | Learned a level 3 spell: Confusing Touch
  6703 | D:6      | Reached skill level 5 in Unarmed Combat
  6703 | D:6      | Reached XP level 8. HP: 36/36 MP: 13/13
  7000 | D:5      | Slain by a wight
  7001 | D:5      | Reached XP level 7. HP: -1/29 MP: 12/12
  7109 | D:6      | Reached skill level 5 in Fighting
  7239 | D:6      | Found Kiesaq's Jewellery Emporium.
  7326 | D:6      | Reached *** piety under Qazlal
  7861 | D:6      | Reached XP level 8. HP: 28/37 MP: 14/14
  8418 | D:6      | Slain by a wight
  8419 | D:6      | Reached XP level 7. HP: -2/28 MP: 13/13
  8519 | D:7      | Noticed a steam dragon
  8546 | D:6      | Found a glowing silver altar of Zin.
  8807 | D:7      | Reached skill level 1 in Hexes
  8807 | D:7      | Reached XP level 8. HP: 21/38 MP: 14/14
  8819 | D:7      | Reached skill level 1 in Conjurations
  8822 | D:7      | Reached skill level 2 in Hexes
  9179 | D:7      | Reached skill level 3 in Hexes
  9248 | D:7      | Reached skill level 4 in Hexes
  9568 | D:7      | Noticed a two-headed ogre
  9655 | D:7      | Killed a two-headed ogre
  9656 | D:7      | Reached skill level 6 in Hexes
  9656 | D:7      | Reached XP level 9. HP: 40/41 MP: 15/15
  9775 | D:7      | Reached skill level 7 in Hexes
  9819 | D:7      | Reached skill level 5 in Conjurations
  9819 | D:7      | Reached skill level 8 in Hexes
  9977 | D:7      | Found the +5 robe of Night {Dark Will+ SInv}
 10902 | D:8      | Reached skill level 9 in Hexes
 10997 | D:8      | Found a staircase to the Lair.
 11084 | D:8      | Reached **** piety under Qazlal
 11988 | D:9      | Reached XP level 10. HP: 34/45 MP: 14/16
 12133 | D:9      | Reached skill level 10 in Hexes
 12168 | D:9      | HP: 2/67 [steam dragon/ball of steam (8)]
 12180 | D:9      | Killed from afar by a steam dragon
 12181 | D:9      | Reached XP level 9. HP: -2/61 MP: 15/15
 12306 | D:9      | Killed from afar by a steam dragon

Illustrated notes

Levels and vault maps discovered:
D:1:      minmay_arrival_diagonal_passages, layout_loops_ring
D:2:      layout_loops_ring, ebering_ecumenical_altar_rust, minmay_statues_item,
          uniq_terence
D:3:      layout_basic, serial_curves, eino_curves_03, eino_curves_01
D:4:      layout_basic, minmay_temple_entry_slanted, uniq_sigmund
D:5:      layout_basic, chequers_hall_statues_wall_a, minivault_4
D:6:      layout_cave_pods, zin_treasury, serial_shops, nicolae_shop_waterfront,
          cheibrodos_sewer_entry_drain
D:7:      minmay_razor_zed, layout_basic, hellmonk_guarded_unrand_night
D:8:      layout_basic, lair_entry_dummy, serial_curves, eino_curves_01,
          eino_curves_03
D:9:      layout_cave_pods, minmay_joined_circles
Temple:   compressed_dpeg_circular_temple

Skill      XL: |  1  2  3  4  5  6  7  8  9 10 |
---------------+-------------------------------+-----
Stealth        | 3 4 5 7 |  7.7
Dodging        | 5 7 |  7.6
Unarmed Combat | 4 5 |  5.8
Spellcasting   | 1 2 3 |  3.9
Air Magic      | 1 2 3 |  3.9
Fighting       | 4 5 |  5.7
Hexes          | 1 6 9 10 | 10.5
Conjurations   | 3 6 |  6.7

Action                   |  1- 3 |  4- 6 |  7- 9 | 10-12 || total
-------------------------+-------+-------+-------+-------++-------
Melee: Unarmed           |   126 |   156 |   509 |    61 ||   852
       Bite              |     9 |    11 |    85 |     8 ||   113
       Punch             |     3 |     3 |    21 |     2 ||    29
 Cast: Slow              |       |       |     2 |       ||     2
       Swiftness         |       |       |     2 |       ||     2
       Passwall          |       |       |     1 |       ||     1
Invok: Upheaval          |       |       |     3 |     1 ||     4
Evoke: Wand              |       |       |    19 |       ||    19
  Use: Potion            |     2 |       |    12 |     2 ||    16
       Scroll            |       |     3 |     7 |       ||    10
 Stab: Sleeping          |     7 |     9 |       |       ||    16
Armor: Skin              |     4 |     7 |    30 |    11 ||    52
Dodge: Dodged            |    75 |   109 |   482 |    49 ||   715
Block: Other             |       |     5 |    65 |    12 ||    82

Table legend: (Time is in decaauts)
 A = Elapsed time spent in this place.
 B = Non-inter-level travel time spent in this place.
 C = Inter-level travel time spent in this place.
 D = Time resting spent in this place.
 E = Time spent auto-exploring this place.
 F = Levels seen in this place.
 G = Mean time per level.
                   A        B        C        D        E       F      G
               +--------+--------+--------+--------+--------+-----+--------+
         Total |  11084 |  10910 |    174 |   4659 |   3820 |  10 | 1108.4 |
       Dungeon |  10989 |  10827 |    162 |   4659 |   3776 |   9 | 1221.0 |
        Temple |     94 |     82 |     12 |      0 |     44 |   1 |   94.0 |
               +--------+--------+--------+--------+--------+-----+--------+

Top non-repeatable levels by time:
     D:1: 1753 daAuts
     D:7: 1650 daAuts
     D:4: 1492 daAuts
     D:5: 1479 daAuts
     D:6: 1309 daAuts
     D:2: 1082 daAuts
     D:8: 1002 daAuts
     D:9: 766 daAuts
     D:3: 453 daAuts
  Temple: 94 daAuts
